 Dungeon Crawl Stone Soup version 0.28.0-45-g0d030f2227 (webtiles) character file.

Game seed: 13304088076518214065

1861 Peloso the Carver (level 8, -1/71 HPs)
             Began as a Minotaur Fighter on Apr 16, 2022.
             Succumbed to Duvessa's poison
             ... on level 6 of the Dungeon.
             The game lasted 00:09:03 (5573 turns).

Peloso the Carver (Minotaur Fighter)                Turns: 5573, Time: 00:09:03

Health: -1/71      AC: 14    Str: 20    XL:     8   Next: 89%
Magic:  7/7        EV:  6    Int:  5    God:
Gold:   187        SH:  5    Dex: 13    Spells: 7/7 levels left

rFire   . . .      SeeInvis .   a - +0 long sword
rCold   . . .      Faith    .   c - +0 buckler
rNeg    . . .      Spirit   .   j - +0 plate armour
rPois   .          Reflect  .   (helmet restricted)
rElec   .          Harm     .   x - +0 cloak
rCorr   .          Rampage  .   (no gloves)
Will    .....                   (no boots)
Stlth   ..........              (no amulet)
HPRegen 0.21/turn               (no ring)
MPRegen 0.10/turn               (no ring)

@: mighty, lethally poisoned (-1 -> -18), studying Short Blades
A: horns 2, retaliatory headbutt
a: no special abilities


You were on level 6 of the Dungeon.
You visited 2 branches of the dungeon, and saw 8 of its levels.

You collected 187 gold pieces.

Inventory:

Hand Weapons
 a - a +0 long sword (weapon)
Armour
 b - a +0 scale mail
 c - a +0 buckler (worn)
 j - a +0 plate armour (worn)
 x - a +0 cloak (worn)
Jewellery
 n - an amulet of faith
 o - a ring of ice
 z - a ring of resist corrosion
Wands
 g - a wand of mindburst (9)
 t - a wand of iceblast (13)
 u - a wand of polymorph (9)
 w - a wand of charming (12)
Scrolls
 f - a scroll of summoning
 h - 2 scrolls of enchant weapon {unknown}
 i - a scroll of magic mapping {unknown}
 k - a scroll of holy word {unknown}
 p - a scroll of noise {unknown}
 q - a scroll of torment {unknown}
 r - a scroll of teleportation {unknown}
 s - a scroll of amnesia {unknown}
 v - a scroll of identify
 y - a scroll of silence {unknown}
Potions
 l - a potion of magic {unknown}
 m - a potion of lignification {unknown}


   Skills:
 + Level 6.3 Fighting
 + Level 9.4 Long Blades
 + Level 7.8 Armour
 + Level 1.1 Dodging
 + Level 0.3 Stealth
 + Level 6.2 Shields
 + Level 1.2 Evocations


You had 7 spell levels left.
You didn't know any spells.
Your spell library was empty.

Dungeon Overview and Level Annotations

Branches:
Dungeon (7/15)             Temple (1/1) D:5

Altars:
Ashenzari
Cheibriados
Dithmenos
Elyvilon
Fedhas
Gozag
Hepliaklqana
Kikubaaqudgha
Makhleb
Nemelex Xobeh
Okawaru
Qazlal
Ru
Sif Muna
Trog
Uskayaw
Vehumet
Wu Jian
Xom
Yredelemnul
Zin
The Shining One

Shops:
D:6 *(

Annotations:
D:6 Dowan
D:7 Joseph


Innate Abilities, Weirdness & Mutations

You have a pair of horns on your head.
You reflexively headbutt those who attack you in melee.


Message History

You block Duvessa's attack.
There is a stone staircase leading down, spattered with blood here.
You feel better. Duvessa hits you but does no damage.
You feel very mighty all of a sudden. Duvessa hits you but does no damage.
You slash Duvessa!
Duvessa is moderately wounded.
You slash Dowan! Your headbutt misses Dowan.
Dowan is heavily wounded.
Duvessa hits you with a +0 short sword of venom.
* * * LOW HITPOINT WARNING * * *
You are poisoned.
Dowan hits you but does no damage.
You barely miss Dowan. Your headbutt misses Dowan.
Dowan is heavily wounded.
You feel very sick.
Duvessa hits you with a +0 short sword of venom.
* * * LOW HITPOINT WARNING * * *
You are lethally poisoned!
Dowan casts a spell at you.
The puff of flame hits you but does no damage.
You slash Duvessa!
Duvessa is heavily wounded.
* * * LOW HITPOINT WARNING * * *
You feel very sick. Duvessa hits you but does no damage.
You are more poisoned.
Dowan completely misses you.
You slice Duvessa!!
Duvessa is almost dead.
* * * LOW HITPOINT WARNING * * *
You feel very sick.
Duvessa drinks a potion.
Duvessa seems to speed up.
Dowan hits you but does no damage.
Unknown command.
You closely miss Duvessa. You headbutt Duvessa.
You kill Duvessa!
Dowan screams, "No!
Oh no!"
Dowan seems to find hidden reserves of power!
You die...

### ..# #######
#.# #.'∩'.## #^#
##.###...
####.#####..#.....
#@)..[............
#e##.########.....
#Y##.# #.....
#+#####.##.#
#.##'#
.........#.# ...
#.# .........#.#
##.######.#
.........+..
.......<...
.........#.#
#########..
.........#.. ...


You could see an ice beast and Dowan (fast).

Vanquished Creatures
  Grinder (D:5)
  2 water moccasins (D:5)
  Duvessa (D:6)
  A black bear (D:4)
  2 ice beasts
  A necrophage (D:3)
  2 ogres (D:4)
  A kobold brigand (D:4)
  4 scorpions
  A jelly (D:4)
  A gnoll shaman (D:5)
  6 hounds
  An orc priest (D:4)
  3 iguanas
  A scorpion zombie (D:5)
  Ijyb (D:3)
  A hound skeleton (D:4)
  8 gnolls
  7 adders
  A white imp (D:4)
  An ufetubus (D:4)
  An adder skeleton (D:2)
  A dart slug (D:4)
  10 orcs
  7 ball pythons
  5 endoplasms
  4 giant cockroaches
  6 goblins
  8 hobgoblins
  7 jackals
  2 quokkas
  4 bats
  10 frilled lizards
  5 kobolds
  3 rats (D:2)
120 creatures vanquished.

Vanquished Creatures (others)
  8 plants (D:5)
8 creatures vanquished.

Grand Total: 128 creatures vanquished

Notes
Turn   | Place    | Note
-------+----------+-------------------------------------------
     0 | D:1      | Peloso the Minotaur Fighter began the quest for the Orb.
     0 | D:1      | Reached XP level 1. HP: 19/19 MP: 0/0
    77 | D:1      | Reached XP level 2. HP: 25/27 MP: 1/1
   541 | D:2      | Reached skill level 3 in Long Blades
   610 | D:2      | Reached XP level 3. HP: 33/33 MP: 2/2
  1386 | D:3      | Noticed a necrophage
  1401 | D:3      | Killed a necrophage
  1402 | D:3      | Reached skill level 4 in Long Blades
  1402 | D:3      | Reached XP level 4. HP: 34/40 MP: 3/3
  1402 | D:3      | Reached XP level 5. HP: 40/46 MP: 4/4
  1583 | D:3      | Found a faded altar of an unknown god.
  1618 | D:3      | Noticed Ijyb
  1629 | D:3      | Killed Ijyb
  1784 | D:3      | Found a sparkling altar of Nemelex Xobeh.
  1941 | D:3      | Found a burning altar of Makhleb.
  2122 | D:3      | Reached skill level 5 in Armour
  2238 | D:3      | Reached skill level 5 in Shields
  2238 | D:3      | Reached XP level 6. HP: 23/52 MP: 5/5
  2507 | D:4      | Reached skill level 5 in Long Blades
  2774 | D:4      | Reached skill level 1 in Evocations
  2853 | D:4      | Reached XP level 7. HP: 33/60 MP: 6/6
  3073 | D:4      | Reached skill level 6 in Long Blades
  3560 | D:4      | Found a stormy altar of Qazlal.
  3665 | D:4      | Reached skill level 7 in Long Blades
  3939 | D:5      | Entered Level 5 of the Dungeon
  3972 | D:4      | Reached skill level 5 in Fighting
  3977 | D:4      | Reached XP level 8. HP: 59/70 MP: 7/7
  4515 | D:5      | Found a staircase to the Ecumenical Temple.
  4523 | Temple   | Entered the Ecumenical Temple
  4622 | D:5      | Reached skill level 8 in Long Blades
  4622 | D:5      | Reached skill level 1 in Dodging
  4757 | D:5      | Found a broken altar of Ashenzari.
  4775 | D:5      | Noticed Grinder
  4791 | D:5      | Killed Grinder
  5261 | D:5      | Reached skill level 9 in Long Blades
  5518 | D:6      | Found Mohobbai's Antique Weapon Emporium.
  5537 | D:6      | Found Ungiar's Assorted Antiques.
  5544 | D:6      | Noticed Dowan
  5545 | D:6      | Noticed Duvessa
  5562 | D:7      | Noticed Joseph
  5572 | D:6      | HP: 3/71 [poisoned by Duvessa]
  5573 | D:6      | Killed Duvessa
  5573 | D:6      | Succumbed to Duvessa's poison

Illustrated notes

Levels and vault maps discovered:
D:1:      saegor_arrival_simple_c, layout_rooms
D:2:      minmay_alternating_diamond, layout_basic
D:3:      layout_rooms, chequers_temple_overflow_statue_of_worship,
          chequers_ecumenical_altar_simple_redux, uniq_ijyb
D:4:      layout_loops_corners, nicolae_qazlal_eye_of_the_storm,
          hangedman_glass_teeth, minmay_manual_mail
D:5:      layout_basic, evilmike_ruin_ashenzari, temple_statues,
          minmay_lizard_king, uniq_grinder
D:6:      layout_basic, serial_shops, nicolae_lakefront_shop, shop,
          kennysheep_mini, nicolae_shop_crystal, uniq_menkaure, uniq_duvessa
D:7:      layout_basic, minmay_manual_monolith, uniq_joseph, uniq_harold
Temple:   compressed_dpeg_circular_temple

Skill      XL: |  1  2  3  4  5  6  7  8 |
---------------+-------------------------+-----
Armour         | 4 5 6 7 |  7.8
Shields        | 4 5 6 |  6.2
Long Blades    | 3 4 5 7 9 |  9.4
Fighting       | 4 5 6 |  6.3
Evocations     | 1 |  1.2
Dodging        | 1 |  1.1
Stealth        | |  0.3

Action                   |  1- 3 |  4- 6 |  7- 9 || total
-------------------------+-------+-------+-------++-------
Melee: Long sword        |    88 |    76 |   214 ||   378
       Headbutt          |     7 |    13 |    42 ||    62
Evoke: Wand              |       |     4 |       ||     4
  Use: Scroll            |     2 |       |     1 ||     3
       Potion            |       |     1 |     2 ||     3
Armor: Scale mail        |     8 |       |       ||     8
       Plate armour      |    41 |    56 |   155 ||   252
Dodge: Dodged            |    34 |    26 |    66 ||   126
Block: Buckler           |    16 |    25 |    59 ||   100
